 Dungeon Sprint DCSS version 0.28-a0-233-gb8ca4b6547 (webtiles) character file.

Game seed: 15497168553930255651

181 tbh1313 the Grappler (level 5, -9/50 HPs)
             Began as a Troll Fighter on Aug 22, 2021.
             Mangled by a fire elemental (12 damage)
             ... summoned by a deep elf pyromancer
             ... in the Dungeon (Sprint III: "The Ten Rune Challenge").
             The game lasted 00:01:22 (175 turns).

tbh1313 the Grappler (Troll Fighter)                 Turns: 175, Time: 00:01:23

Health: -9/50      AC:  4    Str: 24    XL:     5   Next: 34%
Magic:  4/4        EV: 10    Int:  5    God:
Gold:   26         SH:  0    Dex:  9    Spells: 4/4 levels left

rFire   . . .      SeeInvis .     - Unarmed
rCold   . . .      Faith    .   (no shield)
rNeg    . . .      Spirit   .   a - +0 robe
rPois   .          Reflect  .   (helmet restricted)
rElec   .          Harm     .   (no cloak)
rCorr   .          Rampage  .   (gloves unavailable)
Will    .....      NoTele   +   (boots unavailable)
Stlth   +.........              (no amulet)
HPRegen 1.16/turn               (no ring)
MPRegen 0.09/turn               (no ring)

@: no status effects
A: large, unfitting armour, claws 3, regeneration 1, shaggy fur 1, tough skin 1
a: no special abilities


You were in the Dungeon.
You visited 1 branch You collected 26 gold pieces.

Inventory:

Armour
 a - a +0 robe (worn)
 b - a +0 kite shield
Scrolls
 i - 2 scrolls of blinking
Potions
 c - a potion of might
 d - 2 potions of curing
 e - 3 potions of mutation
 f - a potion of haste
 g - 3 potions of magic
 h - a potion of berserk rage
 n - 2 potions of flight {unknown}


   Skills:
 - Level 2.4 Fighting
 - Level 2.4 Dodging
 - Level 2.4 Shields
 + Level 11.1 Unarmed Combat


You had 4 spell levels left.
You didn't know any spells.
Your spell library contained the following spells:

 Spells                   Type           Power      Damage    Failure   Level
 Corona                   Hex            0%         N/A       47%         1
 Summon Small Mammal      Summ           0%         N/A       47%         1
 Ensorcelled Hibernation  Hex/Ice        0%         N/A       63%         2
 Call Canine Familiar     Summ           0%         N/A       85%         3
 Portal Projectile        Hex/Tloc       0%         N/A       85%         3
 Summon Guardian Golem    Hex/Summ       0%         N/A       85%         3
 Tukima's Dance           Hex            0%         N/A       85%         3
 Leda's Liquefaction      Hex/Erth       0%         N/A       99%         4


Dungeon Overview and Level Annotations

Branches:
Dungeon (1/1)

Altars:
Elyvilon
Kikubaaqudgha
Sif Muna
Vehumet
Zin
The Shining One


Innate Abilities, Weirdness & Mutations

You are too large for most types of armour.
You have claws for hands.
Your natural rate of healing is unusually fast.
You are covered in fur. (AC +1)
You have tough skin. (AC +1)


Message History

There is a shimmering blue altar of Sif Muna here.
There is a radiant altar of Vehumet here.
There is an open door, spattered with blood here.
Items here: )) [[ †.
Okay, then.
You open the door.
Found a glowing silver altar of Zin.
A deep elf pyromancer comes into view.
It is wielding a +2 long sword of holy wrath.
Found a potion of curing.
Found two altars.
The deep elf pyromancer mumbles some strange words.
The deep elf pyromancer blinks!
There is an open door here.
The deep elf pyromancer gestures wildly while chanting.
The deep elf pyromancer blinks!
You swing at nothing.
A deep elf pyromancer is nearby!
You barely miss the deep elf pyromancer.
The deep elf pyromancer mumbles some strange words.
You closely miss the deep elf pyromancer.
The deep elf pyromancer mumbles some strange words.
You scratch the deep elf pyromancer but do no damage.
The deep elf pyromancer hits you with a +2 long sword of holy wrath.
You claw the deep elf pyromancer!
The deep elf pyromancer is moderately wounded.
The fire elemental hits you. The fire elemental burns you!
The fire elemental closely misses you.
You closely miss the deep elf pyromancer.
The deep elf pyromancer is moderately wounded.
The deep elf pyromancer hits you with a +2 long sword of holy wrath.
The fire elemental hits you. The fire elemental burns you!
The fire elemental hits you. The fire elemental burns you!
* * * LOW HITPOINT WARNING * * *
You feel better.
The deep elf pyromancer barely misses you.
The fire elemental hits you.
* * * LOW HITPOINT WARNING * * *
The fire elemental burns you!
* * * LOW HITPOINT WARNING * * *
The fire elemental hits you. The fire elemental burns you!
You die...

▓▓▓▓▓▓▓ ▓▓▓ '.....♣
♣.##### #....♣♣♣
♣♣.#___# #......♣
♣..#!..#
#....≈♣♣♣♣..###'#+###+##
#...≈≈♣.....#..E@E.....#
#..≈≈≈≈♣....+.☼Ee.○....#
#..≈≈≈≈≈≈.♣.#...######+#
#.≈≈≈≈≈≈....#.⌠.#
#.≈≈≈≈≈.....#...#
#.≈≈≈.......#)###
#...........#...#
............#___#
▓▓▓▓▓▓▓▓▓▓▓▓▓▓▓▓▓


You could see a deep elf pyromancer and 3 fire elementals.

Levels and vault maps discovered:
D:        dungeon_sprint_mu [sprint_mu_entry_forest, sprint_mu_temple_rooms,
          sprint_mu_d1_spiders, sprint_mu_d2_genie, sprint_mu_d3_branching,
          sprint_mu_orc_legion, sprint_mu_elf_gauntlet, sprint_mu_hive_nellie,
          sprint_mu_lair_fedhas, sprint_mu_vaults_butterflies,
          sprint_mu_slime_circle, sprint_mu_swamp_cave, sprint_mu_snake_twists,
          sprint_mu_blade_basic, sprint_mu_crypt_lich, sprint_mu_tomb_spiral,
          sprint_mu_vestibule_basic, sprint_mu_gehenna_hellfire,
          sprint_mu_dis_giant, sprint_mu_tartarus_statrot,
          sprint_mu_cocytus_islands, sprint_mu_zot1]

Notes
Turn   | Place    | Note
-------+----------+-------------------------------------------
     0 | D        | tbh1313 the Troll Fighter began the quest for the Orb.
     0 | D        | Reached XP level 1. HP: 22/22 MP: 0/0
     7 | D        | Reached skill level 3 in Unarmed Combat
    56 | D        | HP: 1/22 [human (8)]
    64 | D        | Reached skill level 5 in Unarmed Combat
    64 | D        | Reached XP level 2. HP: 23/29 MP: 1/1
    68 | D        | Noticed a scorpion
    74 | D        | Killed a scorpion
    75 | D        | Reached skill level 8 in Unarmed Combat
    75 | D        | Reached XP level 3. HP: 31/36 MP: 2/2
    75 | D        | Reached XP level 4. HP: 38/44 MP: 3/3
   124 | D        | Noticed a water elemental
   129 | D        | Killed a water elemental
   130 | D        | Reached skill level 10 in Unarmed Combat
   130 | D        | Reached XP level 5. HP: 38/50 MP: 4/4
   142 | D        | Found a radiant altar of Vehumet.
   142 | D        | Found a shimmering blue altar of Sif Muna.
   142 | D        | Found an ancient bone altar of Kikubaaqudgha.
   147 | D        | Noticed a chaos spawn
   149 | D        | Reached skill level 11 in Unarmed Combat
   166 | D        | Found a glowing silver altar of Zin.
   167 | D        | Found a glowing golden altar of the Shining One.
   167 | D        | Found a white marble altar of Elyvilon.
   167 | D        | Noticed a deep elf pyromancer
   171 | D        | Noticed a fire elemental
   172 | D        | Noticed a fire elemental
   172 | D        | Noticed a fire elemental
   174 | D        | HP: 2/50 [fire elemental[a deep elf pyromancer] (13)]
   175 | D        | Mangled by a fire elemental

Table legend: (Time is in decaauts)
 A = Elapsed time spent in this place.
 B = Non-inter-level travel time spent in this place.
 C = Inter-level travel time spent in this place.
 D = Time resting spent in this place.
 E = Time spent auto-exploring this place.
 F = Levels seen in this place.
 G = Mean time per level.
                   A        B        C        D        E       F      G
               +--------+--------+--------+--------+--------+-----+--------+
         Total |    171 |    171 |      0 |     23 |     30 |   1 |  171.0 |
       Dungeon |    171 |    171 |      0 |     23 |     30 |   1 |  171.0 |
               +--------+--------+--------+--------+--------+-----+--------+

Top non-repeatable levels by time:
       D: 171 daAuts

Table legend:
 A = Kills in this place as a percentage of kills in entire the game.
 B = Kills by you in this place as a percentage of kills by you in the entire game.
 C = Kills by friends in this place as a percentage of kills by friends in the entire game.
 D = Other kills in this place as a percentage of other kills in the entire game.
 E = Experience gained in this place as a percentage of experience gained in the entire game.
 F = Experience gained in this place divided by the number of levels of this place that you have seen.
                   A       B       C       D       E      F
               +-------+-------+-------+-------+-------+----------------------
         Total | 100.0 | 100.0 |   N/A |   N/A | 100.0 | 259.0
       Dungeon | 100.0 | 100.0 |   N/A |   N/A | 100.0 | 259.0
               +-------+-------+-------+-------+-------+----------------------

Action                   |  1- 3 |  4- 6 || total
-------------------------+-------+-------++-------
Melee: Unarmed           |    33 |    14 ||    47
  Use: Potion            |     1 |     1 ||     2
       Scroll            |       |     4 ||     4
Armor: Robe              |     7 |     3 ||    10
Dodge: Dodged            |    12 |     3 ||    15
Block: Kite shield       |     2 |       ||     2

Vanquished Creatures
  A water elemental (D)
  A scorpion (D)
  A wizard (D)
  A human (D)
  A kobold demonologist (D)
  An endoplasm (D)
  3 rats (D)
9 creatures vanquished.
